 Dungeon Crawl Stone Soup version 0.32-a0-893-gf85d74f360 (webtiles) character file.

Game seed: 6595323288569768871

1 Autsider the Trooper (level 1, 0/19 HPs)
             Began as a Mountain Dwarf Fighter on Apr 3, 2024.
             Frozen to death by an endoplasm (5 damage)
             ... on level 1 of the Dungeon.
             The game lasted 00:00:32 (22 turns).

Autsider the Trooper (Mountain Dwarf Fighter)         Turns: 22, Time: 00:00:33

Health: 0/19       AC:  6    Str: 18    XL:     1   Next: 16%
Magic:  1/1        EV:  8    Int:  8    God:
Gold:   0          SH:  4    Dex:  9    Spells: 0/0 levels left

rFire   . . .        a - +0 war axe
rCold   . . .        c - +0 buckler
rNeg    . . .        b - +0 scale mail
rPois   .            (no helmet)
rElec   .            (no cloak)
rCorr   .            (no gloves)
SInv    .            (no boots)
Will    .....        (no amulet) Stlth
                     (no ring)
HPRegen 0.23/turn    (no ring)
MPRegen 0.07/turn

%: no passive effects
@: no status effects
A: runic magic, artefact enchanting
a: no special abilities


You were on level 1 of the Dungeon.
You visited 1 branch of the dungeon, and saw 1 of its levels.

Inventory:

Hand Weapons
 a - a +0 war axe (weapon)
Armour
 b - a +0 scale mail (worn)
 c - a +0 buckler (worn)
Potions
 d - a potion of might


   Skills:
 * Level 3.3 Fighting
 + Level 2.4 Axes
 + Level 3.3 Armour
 + Level 3.3 Shields


You couldn't memorise any spells.
You didn't know any spells.
Your spell library was empty.

Dungeon Overview and Level Annotations

Branches:
Dungeon (1/15)

Altars:


Innate Abilities, Weirdness & Mutations

Your spellcasting is much less encumbered by armour.
You can use scrolls of enchantment on lesser artefacts.


Message History

You hit the plant.
The plant begins to die.
The quokka barely misses you.
You barely miss the quokka.
The quokka is severely wounded.
You hit the plant. x2; You hit the plant but do no damage.
You hit the plant. x2
The plant begins to die.
You slash the plant!
The quokka bites you but does no damage.
The endoplasm hits the plant.
The quokka bites you but does no damage.
The endoplasm hits the plant.
You miss the quokka.
The quokka is severely wounded.
You slash the plant!
You hit the plant. x4; You slash the plant!
A nearby plant withers and dies. x5
The quokka bites you but does no damage. x2
You hit the quokka but do no damage.
The quokka is severely wounded.
You hit the plant but do no damage. You hit the endoplasm but do no damage.
The quokka bites you. You block the endoplasm's attack. The quokka bites you.
* * * LOW HITPOINT WARNING * * *
The endoplasm jiggles.
You block the endoplasm's attack.
You hit the quokka.
You kill the quokka!
You hit the plant. You hit the endoplasm.
A nearby plant withers and dies.
The endoplasm closely misses you. The endoplasm barely misses you.
You see here a quokka corpse.
An endoplasm is nearby!
An endoplasm is nearby!
Unknown command.
The endoplasm freezes you.
You are frozen.
* * * LOW HITPOINT WARNING * * *
You completely miss the endoplasm.
The endoplasm is severely wounded.
You hit the plant.
The plant begins to die.
You hit the plant.
The plant begins to die.
The endoplasm freezes you.
You are frozen.
You die... ## .## ..### .... # ################.# ..
PPPPPPPPPP..JPP..# #J# .......<....@....#...# PPPPPPPPPP...PP....#

################..##
>..... ##.....#
....!.# ..##### ..#
...#


You could see an endoplasm.

Vanquished Creatures
  A quokka (D:1)
1 creature vanquished.

Notes
Turn   | Place    | Note
-------+----------+-------------------------------------------
     0 | D:1      | Autsider the Mountain Dwarf Fighter began the quest for the
                  | Orb.
     0 | D:1      | Reached XP level 1. HP: 19/19 MP: 1/1
    22 | D:1      | Frozen to death by an endoplasm

Illustrated notes

Levels and vault maps discovered:
D:1:      eino_arrival_tree_alley, layout_basic, minmay_tetromino_s4

Action                     || total
---------------------------++-------
  Melee: War axe           ||     6
 Armour: Scale mail        ||     7
  Dodge: Dodged            ||     3
  Block: Buckler           ||     2

Table legend: (Time is in decaauts)
 A = Elapsed time spent in this place.
 B = Non-inter-level travel time spent in this place.
 C = Inter-level travel time spent in this place.
 D = Time resting spent in this place.
 E = Time spent auto-exploring this place.
 F = Levels seen in this place.
 G = Mean time per level.
                   A        B        C        D        E       F      G
               +--------+--------+--------+--------+--------+-----+--------+
         Total |     24 |     24 |      0 |      0 |      7 |   1 |   24.0 |
       Dungeon |     24 |     24 |      0 |      0 |      7 |   1 |   24.0 |
               +--------+--------+--------+--------+--------+-----+--------+

Top non-repeatable levels by time:
     D:1: 24 daAuts
